 Dungeon Crawl Stone Soup version 0.31.0-9-g3a7656b989 (webtiles) character file.

Game seed: 16555964092354737013

4638 Ivernyr the Basher (level 10, -3/80 HPs)
             Began as a Formicid Fighter on Feb 4, 2024.
             Was a Follower of Wu Jian.
             Slain by a two-headed ogre
             ... wielding a +0 giant club
              (14 damage)
             ... on level 9 of the Dungeon.
             The game lasted 00:14:54 (8006 turns).

Ivernyr the Basher (Formicid Fighter)               Turns: 8006, Time: 00:14:55

Health: -3/80      AC: 17    Str: 33    XL:     10   Next: 70%
Magic:  10/10      EV: 11    Int: 11    God:    Wu Jian [*.....]
Gold:   378        SH:  6    Dex: 15    Spells: 9/9 levels left

rFire   . . .        w - +3 morningstar (protect)
rCold   . . .        c - +0 buckler
rNeg    . . .        b - +2 leather armour of Zaomuah {Str+2 Int+3 Dex+2 Slay+2}
rPois   .            (helmet unavailable)
rElec   .            t - +2 cloak
rCorr   .            (no gloves)
SInv    +            h - +0 pair of boots
Will    +....        D - amulet of regeneration
Stlth   +            y - +6 ring of strength
HPRegen 1.13/turn    (no ring)
MPRegen 0.12/turn

%: no passive effects
@: under a protective aura
A: permanent stasis, dig shafts and tunnels, antennae 3, four strong arms
a: Dig, Shaft Self, Renounce Religion


You were on level 9 of the Dungeon.
You worshipped Wu Jian.
Wu Jian was aware of your devotion.
You visited 2 branches of the dungeon, and saw 10 of its levels.
You also visited: Sewer.

You collected 511 gold pieces.
You spent 133 gold pieces at shops.

Inventory:

Hand Weapons
 w - a +3 morningstar of protection (weapon)
Missiles
 a - 2 throwing nets
Armour
 b - the +2 leather armour of Zaomuah (worn) {Str+2 Int+3 Dex+2 Slay+2}
   (You found it on level 4 of the Dungeon)

   Str+2:     It affects your strength (+2).
   Int+3:     It affects your intelligence (+3).
   Dex+2:     It affects your dexterity (+2).
   Slay+2:    It affects your accuracy & damage with ranged weapons and melee
   (+2).
 c - a +0 buckler (worn)
 h - a +0 pair of boots (worn)
 t - a +2 cloak (worn)
Jewellery
 y - a +6 ring of strength (left hand)
 D - an amulet of regeneration (around neck)
Wands
 x - a wand of flame (16)
Scrolls
 f - 2 scrolls of fog {unknown}
 i - 4 scrolls of teleportation {unknown}
 j - a scroll of butterflies {unknown}
 k - a scroll of amnesia {unknown}
 l - a scroll of revelation {unknown}
 n - a scroll of acquirement {unknown}
 p - 8 scrolls of identify {unknown}
 s - 6 scrolls of fear {unknown}
 z - a scroll of blinking {unknown}
 A - a scroll of silence {unknown}
 C - a scroll of poison {unknown}
Potions
 d - a potion of might
 e - 3 potions of mutation {unknown}
 g - a potion of berserk rage {unknown}
 m - 3 potions of degeneration {unknown}
 o - 2 potions of lignification {unknown}
 q - 4 potions of curing {unknown}
 r - 2 potions of attraction {unknown}
 u - 2 potions of cancellation {unknown}
 v - 2 potions of haste {unknown}
 B - a potion of brilliance {unknown}


   Skills:
 + Level 8.0 Fighting
 * Level 9.7 Maces & Flails
 + Level 8.1 Armour
 + Level 9.7 Shields


You had 9 spell levels left.
You didn't know any spells.
Your spell library contained the following spells:

 Spells                   Type           Power      Damage    Failure   Level
 Summon Forest            Summ/Tloc      0%         N/A       100%        5
 Eringya's Noxious Bog    Alch           0%         4d6       100%        6
 Summon Hydra             Summ           0%         N/A       100%        7


Dungeon Overview and Level Annotations

Branches:
Dungeon (9/15)             Temple (1/1) D:7           Sewer (visited)
   Lair: D:8-11         Orc: D:9-12

Altars:
Ashenzari
Cheibriados
Dithmenos
Elyvilon
Fedhas
Gozag
Hepliaklqana
Kikubaaqudgha
Makhleb
Nemelex Xobeh
Okawaru
Qazlal
Sif Muna
Trog
Uskayaw
Vehumet
Wu Jian
Xom
Yredelemnul
Zin
The Shining One
Jiyva

Shops:
D:3 (*(**   D:5 (   D:6 (   D:8 (

Annotations:
D:5 3 runed translucent doors, Gandelf's ghost, novice SpCj; Melody's ghost, novice TrFi
D:8 3 runed translucent doors, koorschki's ghost, novice DsIE


Innate Abilities, Weirdness & Mutations

You cannot be hasted, slowed, berserked, paralysed or teleported.
You can dig through walls and to a lower floor.
You have a pair of large antennae on your head. (SInv)
Your four strong arms can wield two-handed weapons with a shield.


Message History

You block the troll's attack. x2; The troll closely misses you.
You barely miss the troll.
The troll is lightly wounded.
The troll bites you but does no damage. The troll claws you but does no damage.
The troll claws you.
You bludgeon the troll!!
The troll is almost dead.
You block the troll's attack. The troll barely misses you.
The troll claws you but does no damage.
You sock the troll!
You kill the troll!
The Council accepts your kill.
The two-headed ogre completely misses you.
The two-headed ogre hits you with a +0 giant club.
Your Fighting skill increases to level 8!
You hit the two-headed ogre.
The two-headed ogre is lightly wounded.
The two-headed ogre hits you with a +0 giant club!
The two-headed ogre barely misses you.
You sock the two-headed ogre!
The two-headed ogre is moderately wounded.
You hit the two-headed ogre.
The two-headed ogre is moderately wounded.
The two-headed ogre hits you with a +0 giant club!!
The two-headed ogre hits you with a +0 giant club.
You sock the two-headed ogre!
The two-headed ogre is heavily wounded.
The two-headed ogre hits you with a +0 giant club! x2
* * * LOW HITPOINT WARNING * * *
You barely miss the two-headed ogre.
The two-headed ogre is heavily wounded.
You extend your mandibles.
The two-headed ogre hits you with a +0 giant club.
* * * LOW HITPOINT WARNING * * *
The two-headed ogre completely misses you.
You begin to dig a shaft.
You continue digging a shaft.
The two-headed ogre hits you with a +0 giant club.
* * * LOW HITPOINT WARNING * * *
The two-headed ogre hits you with a +0 giant club!
You die...

... ... ............ ..
... ..$........ ... ...
......%.....##... ......
...#............#
..........#............#
..... ...#.............#
...##....#.....O........
.....[..........@.......
...##........$..........
......##................
..........#..!..........
.....#....#.........####
....###...#.........#
.....##...##........#
......................
..........#...........


You could see a two-headed ogre.

Vanquished Creatures
  2 trolls
  Grinder (D:5)
  4 yaks (D:8)
  A steam dragon (D:7)
  Eustachio (D:4)
  A water moccasin (D:7)
  A sky beast (D:6)
  A black bear (D:6)
  2 ogres
  4 centaurs
  4 kobold brigands
  2 bullfrogs
  2 scorpions
  13 wights (D:8)
  4 killer bees (D:8)
  3 howler monkeys
  2 bombardier beetles
  4 hounds
  2 jellies (D:6)
  Crazy Yiuf (D:5)
  A gnoll bouda (D:6)
  6 iguanas
  2 orc wizards
  16 gnolls
  10 adders
  A river rat (Sewer)
  A shadow imp (D:6)
  3 white imps
  6 ufetubi
  2 dart slugs
  5 ribbon worms
  17 orcs
  12 ball pythons
  2 bats
  9 endoplasms
  12 giant cockroaches
  7 goblins
  4 hobgoblins
  17 jackals
  A frilled lizard (D:2)
  27 kobolds
  8 rats
224 creatures vanquished.

Notes
Turn   | Place    | Note
-------+----------+-------------------------------------------
     0 | D:1      | Ivernyr the Formicid Fighter began the quest for the Orb.
     0 | D:1      | Reached XP level 1. HP: 18/18 MP: 1/1
    89 | D:1      | Reached XP level 2. HP: 24/24 MP: 2/2
   419 | D:1      | Reached XP level 3. HP: 27/29 MP: 3/3
   736 | D:2      | Identified the +9 sling "Eviscerator" {drain, MP+9 Int+7
                  | Dex-3}
   757 | D:2      | Reached XP level 4. HP: 31/37 MP: 4/4
   924 | D:2      | Found a faded altar of an unknown god.
  1468 | D:3      | Found Ginyl's Weapon Shoppe.
  1540 | D:3      | Found Jutax's General Store.
  1544 | D:3      | Found Revicvul's Weapon Boutique.
  1584 | D:3      | Found Erchomal's General Store.
  1604 | D:3      | Found Saurusyo's Assorted Antiques.
  1624 | D:3      | Reached XP level 5. HP: 42/42 MP: 5/5
  2187 | D:4      | Reached skill level 5 in Shields
  2327 | D:4      | Reached XP level 6. HP: 28/48 MP: 6/6
  2400 | D:4      | Identified the +2 leather armour of Zaomuah {Str+2 Int+3
                  | Dex+2 Slay+2}
  2479 | D:4      | Noticed an ogre
  2507 | D:4      | Killed an ogre
  2784 | D:4      | Noticed Eustachio
  2806 | D:4      | Killed Eustachio
  2807 | D:4      | Reached XP level 7. HP: 28/55 MP: 7/7
  2958 | D:4      | Found an opulent altar of Gozag.
  3105 | D:4      | Reached skill level 5 in Maces & Flails
  3434 | D:4      | Reached skill level 5 in Armour
  3577 | D:4      | Found a bloodstained altar of Trog.
  3615 | D:5      | Entered Level 5 of the Dungeon
  3644 | D:5      | Found a runed translucent gate.
  3644 | D:5      | Found a runed translucent gate.
  3644 | D:5      | Found a runed translucent gate.
  3645 | D:5      | Noticed Gandelf's ghost (novice SpCj)
  3646 | D:5      | Noticed Melody's ghost (novice TrFi)
  3661 | D:5      | Noticed Grinder
  3672 | D:5      | Killed Grinder
  3673 | D:5      | Reached skill level 5 in Fighting
  3673 | D:5      | Reached XP level 8. HP: 47/62 MP: 8/8
  3851 | D:5      | Found Noloesog's Antique Weapon Shoppe.
  3991 | D:5      | Found a glowing drain.
  4018 | Sewer    | Entered a sewer
  4388 | D:5      | Found a runed translucent door.
  4389 | D:5      | Noticed Crazy Yiuf
  4401 | D:5      | Killed Crazy Yiuf
  4549 | D:5      | Found a white marble altar of Elyvilon.
  4600 | D:5      | Found a shadowy altar of Dithmenos.
  5535 | D:6      | Reached XP level 9. HP: 69/69 MP: 9/9
  5822 | D:6      | Found Vodwik's Antique Weapon Shop.
  5831 | D:6      | Bought a runed morningstar for 133 gold pieces
  6111 | D:6      | Found an ancient bone altar of Kikubaaqudgha.
  6281 | D:7      | Found a basalt altar of Yredelemnul.
  7051 | D:7      | Found a staircase to the Ecumenical Temple.
  7060 | Temple   | Entered the Ecumenical Temple
  7072 | Temple   | Became a worshipper of the Wu Jian Council
  7139 | D:8      | Noticed a troll
  7143 | D:8      | Killed a troll
  7144 | D:8      | Reached XP level 10. HP: 78/79 MP: 10/10
  7328 | D:8      | Reached * piety under Wu Jian
  7446 | D:8      | Found a glowing silver altar of Zin.
  7820 | D:8      | Found a hide-covered altar of Uskayaw.
  7860 | D:8      | Found a runed translucent gate.
  7860 | D:8      | Found a runed translucent gate.
  7861 | D:8      | Found a runed translucent gate.
  7861 | D:8      | Found Ruvun's Firing Range.
  7861 | D:8      | Noticed koorschki's ghost (novice DsIE)
  7879 | D:8      | Found a viscous altar of Jiyva.
  7913 | D:9      | Found a snail-covered altar of Cheibriados.
  7973 | D:9      | Found a blossoming altar of Fedhas.
  7992 | D:9      | Noticed a two-headed ogre
  8006 | D:9      | Slain by a two-headed ogre

Illustrated notes

Levels and vault maps discovered:
D:1:      ncdulo_smallfort, layout_basic
D:2:      minmay_roachtagon, layout_basic, shapermc_ecumenical_altar_venn,
          chequers_decorated_corner, reono_crystal_passage
D:3:      layout_basic, serial_shops, nicolae_shop_tiny_real_fake_doors, shop,
          shop, nicolae_shop_window_shopping, shop, minmay_quadrilaterals
D:4:      layout_gridville, grunt_gozag_breadcrumbs,
          mainiacjoe_overflow_alcove_4, serial_bayou, serial_bayou_pond_d,
          serial_bayou_ford_a, serial_bayou_pond_b, serial_bayou_lake_a,
          amcnicky_mini_corridor_feature, uniq_eustachio
D:5:      layout_layer_cave, nicolae_dithmenos_shadow_blocks,
          nicolae_overflow_crystal_walls, cheibrodos_sewer_entry_bend,
          serial_shops, nicolae_lakefront_shop, gammafunk_ghost_cemetery,
          uniq_grinder, uniq_crazy_yiuf_cottage
D:6:      layout_basic, mainiacjoe_overflow_alcove_1, serial_shops, shop,
          grunt_ministairs_8
D:7:      layout_loops_ring, mainiacjoe_overflow_brackets, temple_hall
D:8:      layout_basic, mainiacjoe_overflow_paths, nicolae_uskayaw_suspiria,
          gammafunk_ghost_ooze, nicolae_shop_firing_range
D:9:      layout_cave_pools, kennysheep_slug_shrine, fedhas_ov_isle_minmay,
          hellmonk_ghost_happy_afterlife, minmay_puff
Temple:   hellmonk_temple_of_storms

Skill      XL: |  1  2  3  4  5  6  7  8  9 10 |
---------------+-------------------------------+-----
Maces & Flails | 3 4 5 6 8 9 |  9.7
Fighting       | 4 5 7 8 |  8.0
Armour         | 4 5 6 7 8 |  8.1
Shields        | 5 6 7 8 9 |  9.7

Action                     |  1- 3 |  4- 6 |  7- 9 | 10-12 || total
---------------------------+-------+-------+-------+-------++-------
  Melee: Flail             |    77 |   195 |   214 |       ||   486
         Morningstar       |       |       |   109 |    94 ||   203
Ability: Lunge             |       |       |       |    13 ||    13
         Whirlwind         |       |       |       |     4 ||     4
         Dig               |       |       |       |     1 ||     1
         Shaft Self        |       |       |       |     1 ||     1
    Use: Potion            |       |       |     1 |       ||     1
 Armour: Scale mail        |    55 |   134 |       |       ||   189
         Leather armour    |       |    35 |   216 |    59 ||   310
  Dodge: Dodged            |    38 |   142 |   201 |    52 ||   433
  Block: Buckler           |    21 |    68 |    84 |    27 ||   200
